 Dungeon Crawl Stone Soup version 0.29-a0-96-g93358da72b (webtiles) character file.

Game seed: 5650064251568245899

2737 enile the Prestidigitator (level 9, -5/74 HPs)
             Began as a Barachi Monk on Feb 12, 2022.
             Was an Initiate of Gozag.
             Slain by a large slime creature (31 damage)
             ... on level 7 of the Dungeon.
             The game lasted 00:21:39 (10378 turns).

enile the Prestidigitator (Barachi Monk)           Turns: 10378, Time: 00:21:40

Health: -5/74      AC: 11    Str: 17    XL:     9   Next: 67%
Magic:  9/9        EV: 17    Int: 10    God:    Gozag
Gold:   706        SH:  6    Dex: 15    Spells: 8/8 levels left

rFire   . . .      SeeInvis +   v - +0 morningstar
rCold   + . .      Faith    .   g - +1 buckler {rC+}
rNeg    + . .      Spirit   .   B - +3 leather armour of the Sacrificial Victim {rN+ Slay+2}
rPois   .          Reflect  .   (no helmet)
rElec   .          Harm     .   z - +2 cloak {Stlth+}
rCorr   .          Rampage  .   (no gloves)
Will    .....                   A - +1 pair of boots {Fly}
Stlth   +++.......              (no amulet)
HPRegen 0.22/turn               n - ring of see invisible
MPRegen 0.11/turn               x - +4 ring of evasion

@: flying, slow
A: amphibious, slowness 1, strong legs 1, +LOS
a: Hop, Renounce Religion, Potion Petition, Call Merchant, Bribe Branch


You were on level 7 of the Dungeon.
You worshipped Gozag.
Gozag was pleased with you.
You visited 1 branch of the dungeon, and saw 8 of its levels.
You also visited: Sewer.

You collected 1151 gold pieces.
You spent 417 gold pieces at shops.
You donated 6 gold pieces to Zin.
You paid 22 gold pieces to Gozag.

Inventory:

Hand Weapons
 a - a +0 falchion
 f - a +0 vorpal mace
 k - a +2 short sword of speed
 v - a +0 morningstar (weapon)
 F - a +0 antimagic short sword
Missiles
 i - 13 boomerangs (quivered)
 u - 4 curare-tipped darts
 G - 18 poisoned darts
Armour
 b - a +0 robe
 d - a +0 leather armour
 g - a +1 buckler of cold resistance (worn)
 m - a +0 leather armour of fire resistance
 p - a +0 pair of boots
 z - a +2 cloak of stealth (worn)
 A - a +1 pair of boots of flying (worn)
 B - the +3 leather armour of the Sacrificial Victim (worn) {rN+ Slay+2}
   (You bought it in a shop on level 2 of the Dungeon)

   Slay:      It affects your accuracy & damage with ranged weapons and melee
   (+2).
   rN:        It protects you from negative energy.
 O - a +0 chain mail
Jewellery
 n - a ring of see invisible (left hand)
 x - a +4 ring of evasion (right hand)
 E - a ring of wizardry
Wands
 y - a wand of charming (8)
 C - a wand of iceblast (11)
Scrolls
 c - a scroll of holy word
 h - 2 scrolls of vulnerability {unknown}
 j - 2 scrolls of fog
 o - a scroll of amnesia
 q - 4 scrolls of teleportation
 r - 3 scrolls of fear
 w - 2 scrolls of blinking {unknown}
 D - a scroll of noise {unknown}
 H - a scroll of enchant armour
 I - a scroll of summoning {unknown}
 J - a scroll of magic mapping {unknown}
 K - a scroll of torment {unknown}
Potions
 e - 3 potions of degeneration
 l - 4 potions of curing
 s - 3 potions of brilliance {unknown}
 t - a potion of heal wounds
 L - a potion of invisibility
 N - a potion of flight {unknown}


   Skills:
 - Level 8.0 Fighting
 - Level 4.0 Long Blades
 - Level 4.0 Maces & Flails
 - Level 2.0 Throwing
 - Level 4.0 Armour
 - Level 4.0 Dodging
 - Level 3.0 Stealth
 - Level 4.0 Shields
 + Level 9.2 Evocations


You had 8 spell levels left.
You didn't know any spells.
Your spell library contained the following spells:

 Spells                   Type           Power      Damage    Failure   Level
 Freeze                   Ice            0%         1d3       52%         1
 Sting                    Tmut/Pois      0%         1d3       52%         1
 Blink                    Tloc           0%         N/A       65%         2
 Corpse Rot               Necr/Air       0%         N/A       65%         2
 Poisonous Vapours        Pois/Air       0%         N/A       65%         2
 Confusing Touch          Hex            0%         N/A       87%         3
 Frozen Ramparts          Ice            0%         1d2       87%         3
 Lesser Beckoning         Tloc           0%         N/A       87%         3
 Dispel Undead            Necr           0%         3d6       99%         4
 Hailstorm                Conj/Ice       0%         3d3       99%         4
 Ice Form                 Ice/Tmut       0%         N/A       99%         4
 Olgreb's Toxic Radiance  Pois           0%         N/A       99%         4
 Manifold Assault         Tloc           0%         N/A       100%        5
 Yara's Violent Unravell  Hex/Tmut       0%         3d3       100%        5
 Death Channel            Necr           0%         N/A       100%        6
 Simulacrum               Ice/Necr       0%         N/A       100%        6
 Enfeeble                 Hex            0%         N/A       100%        7


Dungeon Overview and Level Annotations

Branches:
Dungeon (8/15)             Temple (0/1) D:5           Sewer (visited)
   Lair: D:8-11

Altars:
Cheibriados
Dithmenos
Elyvilon
Fedhas
Gozag
Hepliaklqana
Makhleb
Nemelex Xobeh
Okawaru
Ru
Wu Jian
Zin

Shops:
D:1 [   D:2 [

Annotations:
D:5 2 transporters, crazypyro's ghost, novice DsFi
D:8 Maggie


Innate Abilities, Weirdness & Mutations

You are amphibious.
You cover ground slowly.
You can hop short distances.
You have an extended range of vision and can be seen from far away.


Message History

Press: ? - help, Q - select action, (/) - cycle Shift-Dir - straight line, f/p - large slime creature
Aim: a large slime creature (moderately wounded, 85% to hit)
You throw a boomerang.
The boomerang hits the large slime creature but does no damage.
The large slime creature is moderately wounded.
Throw: 13 boomerangs
Press: ? - help, Q - select action, (/) - cycle Shift-Dir - straight line, f/p - large slime creature
Aim: a large slime creature (moderately wounded, 85% to hit)
You throw a boomerang.
The boomerang hits the large slime creature.
The large slime creature is moderately wounded.
Okay, then.
It was a potion of magic.
Magic courses through your body. The large slime creature hits you!!
You hit the large slime creature.
The large slime creature is moderately wounded.
A large slime creature splits.
The slime creature hits you.
Things that are here:
a stone; a +0 club
Things that are here:
a stone; a +0 club The slime creature completely misses you.
The slime creature barely misses you.
Items here: ))))).
Two slime creatures merge to form a large slime creature.
Throw: 13 boomerangs
Press: ? - help, Q - select action, (/) - cycle Shift-Dir - straight line, f/p - large slime creature
Aim: a large slime creature (lightly wounded, 85% to hit)
You throw a boomerang.
The boomerang hits the large slime creature.
The large slime creature is moderately wounded.
You barely miss the large slime creature.
The large slime creature is lightly wounded.
The large slime creature hits you!
The large slime creature closely misses you.
You sock the large slime creature!
The large slime creature is moderately wounded.
The large slime creature hits you!!
You die...
Your body crumbles into a pile of gold.

#####.# #...............#
......#### #.#############.#
.........####.#### #.#
..##......(.(.)..# #.#
..............##.# #######.#
#.##.###.#######.####.......#
#.##.# #.# #..(...#####.#
#.##.# #.# #J####.# #.#####
#.##.# #.# #@# #.# #......
#.##.# #.# #.# #.# #.#####
#.##.# #.# #.# #.#####.#
..##.# #.# #####.# #.......#
.....# #.###.....# #######.#
## ..######<##.#....# #.# #.
...............#.##########.#
#.
..######....................#
#.
######...######....#####..###
#.


You could see a large slime creature.

Vanquished Creatures
  A two-headed ogre (D:6)
  Joseph (D:7)
  A wyvern (D:7)
  An orc warrior (D:6)
  A black bear (D:4)
  2 necrophages (D:7)
  A sky beast (D:5)
  2 kobold brigands
  2 bullfrogs (Sewer)
  2 howler monkeys
  2 bullfrog zombies (D:6)
  A centaur zombie (D:7)
  2 hounds
  A gnoll shaman (D:5)
  A jelly (D:7)
  6 orc priests
  2 iguanas
  3 orc wizards
  6 gnolls
  13 adders
  5 river rats (Sewer)
  An ufetubus (D:6)
  An adder skeleton (D:2)
  A worm (D:3)
  2 dart slugs
  25 orcs
  11 endoplasms
  8 giant cockroaches
  6 goblins
  6 hobgoblins
  8 jackals
  7 quokkas
  18 ball pythons
  7 bats
  6 frilled lizards
  19 kobolds
  26 rats
  A spectral kobold (D:2)
209 creatures vanquished.

Vanquished Creatures (others)
  A ball python (D:4)
1 creature vanquished.

Grand Total: 210 creatures vanquished

Notes
Turn   | Place    | Note
-------+----------+-------------------------------------------
     0 | D:1      | enile the Barachi Monk began the quest for the Orb.
     0 | D:1      | Reached XP level 1. HP: 18/18 MP: 1/1
   183 | D:1      | Reached XP level 2. HP: 25/25 MP: 2/2
   328 | D:1      | Reached skill level 1 in Armour
   554 | D:1      | Reached XP level 3. HP: 30/30 MP: 3/3
   600 | D:1      | Found Rebruuja's Antique Armour Emporium.
   823 | D:1      | Reached skill level 1 in Shields
  1105 | D:2      | Found Hupablit's Antique Armour Boutique.
  1625 | D:2      | Reached XP level 4. HP: 37/37 MP: 4/4
  1841 | D:2      | Found a faded altar of an unknown god.
  1846 | D:2      | Prayed at the altar of an unknown god.
  1846 | D:2      | Became a worshipper of Zin the Law-Giver
  1846 | D:2      | Reached * piety under Zin
  1846 | D:2      | Reached ** piety under Zin
  1846 | D:2      | Reached *** piety under Zin
  2616 | D:3      | Reached XP level 5. HP: 43/43 MP: 5/5
  2682 | D:3      | Reached skill level 5 in Fighting
  2996 | D:3      | Found an opulent altar of Gozag.
  3008 | D:3      | Found a blossoming altar of Fedhas.
  3229 | D:3      | Fell from the grace of Zin
  3229 | D:3      | Became a worshipper of Gozag Ym Sagoz the Greedy
  3713 | D:3      | Reached XP level 6. HP: 50/51 MP: 6/6
  3722 | D:3      | Found a sparkling altar of Nemelex Xobeh.
  4578 | D:4      | Found a snail-covered altar of Cheibriados.
  4583 | D:4      | Found a shadowy altar of Dithmenos.
  4583 | D:4      | Found a burning altar of Makhleb.
  4585 | D:4      | Found an iron altar of Okawaru.
  4588 | D:4      | Found an ornate altar of the Wu Jian Council.
  4815 | D:4      | Reached skill level 1 in Throwing
  5075 | D:5      | Entered Level 5 of the Dungeon
  5075 | D:5      | Noticed a black bear
  5372 | D:4      | Killed a black bear
  5373 | D:4      | Reached skill level 1 in Maces & Flails
  5373 | D:4      | Reached XP level 7. HP: 5/58 MP: 7/7
  6171 | D:5      | Found a transporter.
  6174 | D:5      | Identified the +8 dire flail "Tik Kiol" {elec, Str+2 Int-4
                  | Dex+3 SInv}
  6174 | D:5      | Noticed crazypyro's ghost (novice DsFi)
  6260 | D:5      | Found a staircase to the Ecumenical Temple.
  6700 | D:5      | Found a transporter.
  6876 | D:2      | Bought an embroidered cloak for 142 gold pieces
  6876 | D:2      | Bought a pair of runed boots for 142 gold pieces
  6891 | D:2      | Bought a translucent leather armour for 133 gold pieces
  6891 | D:2      | Identified the +3 leather armour of the Sacrificial Victim
                  | {rN+ Slay+2} (You bought it in a shop on level 2 of the
                  | Dungeon)
  7127 | D:6      | Reached skill level 2 in Evocations
  7127 | D:6      | Reached XP level 8. HP: 64/67 MP: 8/8
  7136 | D:6      | Reached skill level 3 in Evocations
  7145 | D:6      | Found a sacrificial altar of Ru.
  7347 | D:6      | Found a glowing drain.
  7405 | D:6      | Noticed a two-headed ogre
  7419 | Sewer    | Entered a sewer
  8155 | D:6      | Killed a two-headed ogre
  8156 | D:6      | Reached skill level 4 in Evocations
  8156 | D:6      | Reached skill level 6 in Evocations
  8156 | D:6      | Reached XP level 9. HP: 39/74 MP: 9/9
  8413 | D:6      | Found a hazy altar of Hepliaklqana.
  8793 | D:7      | Reached skill level 7 in Evocations
  9085 | D:7      | Reached skill level 8 in Evocations
  9198 | D:7      | Noticed Joseph
  9754 | D:7      | Killed Joseph
  9755 | D:7      | Reached skill level 9 in Evocations
 10001 | D:7      | Found a white marble altar of Elyvilon.
 10057 | D:8      | Noticed Maggie
 10378 | D:7      | Slain by a large slime creature

Illustrated notes

Levels and vault maps discovered:
D:1:      mrwooster_arrival_arrow, layout_basic, serial_shops,
          nicolae_shop_hallway_plus
D:2:      layout_loops_ring, dreamdust_ecumenical_altar_drowned_temple,
          serial_shops, shop, minivault_24
D:3:      layout_loops_cross, nemelex_dance_club_becter,
          nicolae_overflow_crystal_walls, mainiacjoe_overflow_24_doors,
          wander_ebering_terrifying_dragon_lair
D:4:      layout_loops_ring, minitemple
D:5:      layout_rooms, minmay_temple_entry_enclosed_plants,
          gammafunk_ghost_smash, minmay_small_thing
D:6:      layout_cave_pools, nicolae_overflow_hidden_temple,
          hangedman_ru_absence, gup_sewer_entry_pipe
D:7:      hellmonk_ruined_rings, layout_loops_ring,
          nicolae_elyvilon_temple_path, uniq_joseph
D:8:      layout_rooms, ebering_ghost_gozag, chequers_serial_rivers_micro_e,
          minmay_the_grid_2x2 [minmay_the_grid_minigrid_small_alt,
          minmay_the_grid_minigrid_small, minmay_the_grid_tiny_cups,
          minmay_the_grid_prize_diamond_cup], uniq_maggie, uniq_gastronok

Skill      XL: |  1  2  3  4  5  6  7  8  9 |
---------------+----------------------------+-----
Fighting       | 4 5 6 7 8 |  8.0
Long Blades    | 4 |  4.0
Stealth        | 2 3 |  3.0
Armour         | 2 3 4 |  4.0
Shields        | 2 3 4 |  4.0
Throwing       | 2 |  2.0
Maces & Flails | 1 3 4 |  4.0
Evocations     | 2 6 9 |  9.2
Dodging        | 4 |  4.0

Action                   |  1- 3 |  4- 6 |  7- 9 || total
-------------------------+-------+-------+-------++-------
Melee: Falchion          |   144 |    42 |       ||   186
       Punch             |     2 |       |       ||     2
       Short sword       |       |   197 |       ||   197
       Morningstar       |       |    10 |   319 ||   329
Throw: Boomerang         |    19 |    16 |    12 ||    47
       Dart              |       |     2 |    25 ||    27
 Abil: Hop               |     1 |     4 |     2 ||     7
Evoke: Wand              |       |       |     1 ||     1
  Use: Potion            |       |     3 |     3 ||     6
       Scroll            |       |     3 |     6 ||     9
 Stab: Sleeping          |     6 |     9 |    11 ||    26
       Distracted        |       |       |     2 ||     2
       Invisible         |       |       |     1 ||     1
Armor: Robe              |     6 |       |       ||     6
       Leather armour    |    49 |    64 |   114 ||   227
Dodge: Dodged            |   119 |   145 |   357 ||   621
Block: Buckler           |    20 |    49 |   106 ||   175

Table legend: (Time is in decaauts)
 A = Elapsed time spent in this place.
 B = Non-inter-level travel time spent in this place.
 C = Inter-level travel time spent in this place.
 D = Time resting spent in this place.
 E = Time spent auto-exploring this place.
 F = Levels seen in this place.
 G = Mean time per level.
                   A        B        C        D        E       F      G
               +--------+--------+--------+--------+--------+-----+--------+
         Total |  11492 |  10922 |    570 |   1260 |   7591 |   9 | 1276.9 |
       Dungeon |  10730 |  10160 |    570 |   1260 |   7050 |   8 | 1341.2 |
         Sewer |    762 |    762 |      0 |      0 |    541 |   1 |  762.0 |
               +--------+--------+--------+--------+--------+-----+--------+

Top non-repeatable levels by time:
     D:3: 1857 daAuts
     D:2: 1751 daAuts
     D:4: 1601 daAuts
     D:6: 1535 daAuts
     D:7: 1317 daAuts
     D:5: 1305 daAuts
     D:1: 1211 daAuts
   Sewer: 762 daAuts
     D:8: 151 daAuts
